SL
NEW AMSTERDAM DUTCHMEN @ WIZARDING EXPRESS
05/06/2032
 
TOP OF THE 1ST
New Amsterdam Dutchmen batting - Pitching for Wizarding Express : LHP Javier Roldán
Pitching: LHP Javier Roldán
Batting: LHB Takayuki Yoshikawa 0-0: Ball
1-0: Foul Ball, location: 2F
1-1: Foul Ball, location: 2F
1-2: Ball
2-2: Ball
3-2: Fly out, F4 (Popup, 4)
Batting: LHB SaQwan Hackett 0-0: Ball
1-0: SINGLE (Flyball, 7LS)
Batting: RHB António Martínez 0-0: Called Strike
0-1: Ball
1-1: Called Strike
1-2: Strikes out looking
Batting: RHB Jon Osterman 0-0: Ground out 1-3 (Groundball, 13)
Top of the 1st over - 0 runs, 1 hit, 0 errors, 1 left on base; New Amsterdam 0 - Wizarding 0
BOTTOM OF THE 1ST
Wizarding Express batting - Pitching for New Amsterdam Dutchmen : LHP Walt Coffman
Pitching: LHP Walt Coffman
Batting: RHB Frank Grimes 0-0: Ground out 3-1 (Groundball, 3S)
Batting: LHB José Corona 0-0: Ball
1-0: Swinging Strike
1-1: Fly out, F6 (Flyball, 6D)
Batting: RHB Ralph Cranford 0-0: Ball
1-0: Called Strike
1-1: Ball
2-1: Called Strike
2-2: SINGLE (Flyball, 8RS)
Batting: RHB Paul Penrice 0-0: Called Strike
0-1: Hit by Pitch
Ralph Cranford to second
Batting: LHB Nathan Tanner 0-0: Ball
1-0: Called Strike
1-1: Called Strike
1-2: Strikes out swinging
Bottom of the 1st over - 0 runs, 1 hit, 0 errors, 2 left on base; New Amsterdam 0 - Wizarding 0
TOP OF THE 2ND
New Amsterdam Dutchmen batting - Pitching for Wizarding Express : LHP Javier Roldán
Batting: RHB Hank Wilder 0-0: Called Strike
0-1: Ball
1-1: Ball
2-1: Foul Ball, location: 2F
2-2: Strikes out looking
Batting: RHB Dan Chrzan 0-0: Ball
1-0: SINGLE (Groundball, 6D)
Batting: RHB Alan Elder 0-0: Called Strike
0-1: Foul Ball, location: 2F
0-2: Ball
1-2: 2-RUN HOME RUN (Flyball, 7LD), Distance : 320 ft
Batting: RHB David Elías 0-0: Called Strike
0-1: Called Strike
0-2: Ball
1-2: Strikes out swinging
Batting: RHB Ricardo Pulido 0-0: Foul Ball, location: 2F
0-1: Ground out 5-3 (Groundball, 56)
Top of the 2nd over - 2 runs, 2 hits, 0 errors, 0 left on base; New Amsterdam 2 - Wizarding 0
BOTTOM OF THE 2ND
Wizarding Express batting - Pitching for New Amsterdam Dutchmen : LHP Walt Coffman
Batting: RHB Gustavo Mateo 0-0: Ball
1-0: Ball
2-0: Ball
3-0: Reached on error, E1 (Groundball, 15S)
Batting: SHB Salvador Trevino 0-0: Swinging Strike
0-1: Ball
1-1: Ball
2-1: Grounds into double play, 4-6-3 (Groundball, 4)
Batting: LHB Cris Gonzáles 0-0: Called Strike
0-1: Foul Ball, location: 2F
0-2: Ball
1-2: Reached on error, E6 (Groundball, 6)
Batting: SHB Jake Richardson 0-0: Called Strike
0-1: Ball
1-1: Called Strike
1-2: Foul Ball, location: 2F
1-2: Strikes out swinging
Bottom of the 2nd over - 0 runs, 0 hits, 2 errors, 1 left on base; New Amsterdam 2 - Wizarding 0
TOP OF THE 3RD
New Amsterdam Dutchmen batting - Pitching for Wizarding Express : LHP Javier Roldán
Batting: LHB Takayuki Yoshikawa 0-0: Called Strike
0-1: SINGLE (Groundball, 2L) (infield hit)
Batting: LHB SaQwan Hackett 0-0: Fly out, F8 (Flyball, 8LD)
Batting: RHB António Martínez 0-0: Ball
Takayuki Yoshikawa steals 2nd base
1-0: Called Strike
Takayuki Yoshikawa steals 3rd base
1-1: Called Strike
1-2: Fly out, F2 (Popup, 2LF)
Batting: RHB Jon Osterman 0-0: Foul Ball, location: 2F
0-1: Ball
1-1: Ball
2-1: Ball
3-1: Base on Balls
Batting: RHB Hank Wilder 0-0: Ball
1-0: Foul Ball, location: 2F
1-1: Foul Ball, location: 2F
1-2: Fly out, F7 (Flyball, 7S)
Top of the 3rd over - 0 runs, 1 hit, 0 errors, 2 left on base; New Amsterdam 2 - Wizarding 0
BOTTOM OF THE 3RD
Wizarding Express batting - Pitching for New Amsterdam Dutchmen : LHP Walt Coffman
Batting: RHB Frank Grimes 0-0: Ground out U3 (Groundball, 34)
Batting: LHB José Corona 0-0: Called Strike
0-1: Foul Ball, location: 2F
0-2: Ball
1-2: Strikes out looking
Batting: RHB Ralph Cranford 0-0: Ball
1-0: Ball
2-0: Called Strike
2-1: Ground out 2-3 (Groundball, 15S)
Bottom of the 3rd over - 0 runs, 0 hits, 0 errors, 0 left on base; New Amsterdam 2 - Wizarding 0
TOP OF THE 4TH
New Amsterdam Dutchmen batting - Pitching for Wizarding Express : LHP Javier Roldán
Batting: RHB Dan Chrzan 0-0: Ball
1-0: Foul Ball, location: 2F
1-1: Ball
2-1: Foul Ball, location: 2F
2-2: Foul Ball, location: 2F
2-2: DOUBLE (Line Drive, 7LD)
Batting: RHB Alan Elder 0-0: Called Strike
0-1: Foul Ball, location: 2F
0-2: Foul Ball, location: 2F
0-2: Ball
1-2: Strikes out swinging
Batting: RHB David Elías 0-0: Called Strike
0-1: Ball
1-1: Ball
2-1: Foul Ball, location: 2F
2-2: Ground out 6-3 (Groundball, 6)
Batting: RHB Ricardo Pulido 0-0: Foul Ball, location: 2F
0-1: Called Strike
0-2: Ball
1-2: Ball
2-2: SINGLE (Groundball, 56D)
Dan Chrzan to third
Runner from 3rd tries for Home, SAFE, throw made home
Ricardo Pulido to second
Batting: LHB Takayuki Yoshikawa 0-0: Ball
1-0: Swinging Strike
1-1: Ball
2-1: Ball
3-1: Swinging Strike
3-2: Foul Ball, location: 2F
3-2: Strikes out swinging
Top of the 4th over - 1 run, 2 hits, 0 errors, 1 left on base; New Amsterdam 3 - Wizarding 0
BOTTOM OF THE 4TH
Wizarding Express batting - Pitching for New Amsterdam Dutchmen : LHP Walt Coffman
Batting: RHB Paul Penrice 0-0: Fly out, F8 (Line Drive, 78D)
Batting: LHB Nathan Tanner 0-0: Ball
1-0: Swinging Strike
1-1: Ball
2-1: Called Strike
2-2: Foul Ball, location: 2F
2-2: Strikes out swinging
Batting: RHB Gustavo Mateo 0-0: Called Strike
0-1: Swinging Strike
0-2: Ball
1-2: Ground out 3-1 (Groundball, 34S)
Bottom of the 4th over - 0 runs, 0 hits, 0 errors, 0 left on base; New Amsterdam 3 - Wizarding 0
TOP OF THE 5TH
New Amsterdam Dutchmen batting - Pitching for Wizarding Express : LHP Javier Roldán
Batting: LHB SaQwan Hackett 0-0: Ball
1-0: Ball
2-0: Fly out, F7 (Flyball, 7)
Batting: RHB António Martínez 0-0: Foul Ball, location: 2F
0-1: Swinging Strike
0-2: Ball
1-2: Ball
2-2: Foul Ball, location: 2F
2-2: Ball
3-2: Fly out, F6 (Popup, 6)
Batting: RHB Jon Osterman 0-0: Ball
1-0: Ball
2-0: Called Strike
2-1: Foul Ball, location: 2F
2-2: Strikes out looking
Top of the 5th over - 0 runs, 0 hits, 0 errors, 0 left on base; New Amsterdam 3 - Wizarding 0
BOTTOM OF THE 5TH
Wizarding Express batting - Pitching for New Amsterdam Dutchmen : LHP Walt Coffman
Batting: SHB Salvador Trevino 0-0: Ball
1-0: Called Strike
1-1: Ball
2-1: Ball
3-1: Foul Ball, location: 2F
3-2: Foul Ball, location: 2F
3-2: Foul Ball, location: 2F
3-2: Reached on error, E7 (Flyball, 78XD)
Batting: LHB Cris Gonzáles 0-0: Called Strike
0-1: Called Strike
0-2: Ball
1-2: Ball
2-2: Foul Ball, location: 2F
2-2: Ball
3-2: Foul Ball, location: 2F
3-2: Foul Ball, location: 2F
3-2: Base on Balls
Salvador Trevino to second
Batting: SHB Jake Richardson 0-0: Called Strike
0-1: Fly out, F8 (Flyball, 8RD)
Batting: RHB Frank Grimes 0-0: Ball
1-0: Ball
2-0: Ball
3-0: Called Strike
3-1: Fly out, F9 (Flyball, 9S)
Batting: LHB José Corona 0-0: Ball
1-0: Called Strike
1-1: Ball
2-1: Fly out, F8 (Flyball, 8RS)
Bottom of the 5th over - 0 runs, 0 hits, 1 error, 2 left on base; New Amsterdam 3 - Wizarding 0
TOP OF THE 6TH
New Amsterdam Dutchmen batting - Pitching for Wizarding Express : LHP Javier Roldán
Batting: RHB Hank Wilder 0-0: Fly out, F9 (Flyball, 9S)
Batting: RHB Dan Chrzan 0-0: Ball
1-0: Ground out 6-3 (Groundball, 6)
Batting: RHB Alan Elder 0-0: Ball
1-0: Swinging Strike
1-1: Called Strike
1-2: Foul Ball, location: 2F
1-2: Foul Ball, location: 2F
1-2: Ball
2-2: Ground out U3 (Groundball, 34)
Top of the 6th over - 0 runs, 0 hits, 0 errors, 0 left on base; New Amsterdam 3 - Wizarding 0
BOTTOM OF THE 6TH
Wizarding Express batting - Pitching for New Amsterdam Dutchmen : LHP Walt Coffman
Batting: RHB Ralph Cranford 0-0: Ball
1-0: Fly out, F6 (Popup, 6S)
Batting: RHB Paul Penrice 0-0: Ball
1-0: Fly out, F5 (Line Drive, 5)
Batting: LHB Nathan Tanner 0-0: Called Strike
0-1: Swinging Strike
0-2: Ball
1-2: Strikes out swinging
Bottom of the 6th over - 0 runs, 0 hits, 0 errors, 0 left on base; New Amsterdam 3 - Wizarding 0
TOP OF THE 7TH
New Amsterdam Dutchmen batting - Pitching for Wizarding Express : LHP Javier Roldán
Batting: RHB David Elías 0-0: Foul Ball, location: 2F
0-1: Swinging Strike
0-2: Ball
1-2: Ball
2-2: Foul Ball, location: 2F
2-2: Foul Ball, location: 2F
2-2: Foul Ball, location: 2F
2-2: Fly out, F7 (Flyball, 7LMF)
Batting: RHB Ricardo Pulido 0-0: Ball
1-0: Called Strike
1-1: Foul Ball, location: 2F
1-2: Strikes out swinging
Batting: LHB Takayuki Yoshikawa 0-0: Swinging Strike
0-1: Ball
1-1: Foul Ball, location: 2F
1-2: Fly out, F6 (Line Drive, 6M)
Top of the 7th over - 0 runs, 0 hits, 0 errors, 0 left on base; New Amsterdam 3 - Wizarding 0
BOTTOM OF THE 7TH
Wizarding Express batting - Pitching for New Amsterdam Dutchmen : LHP Walt Coffman
Batting: RHB Gustavo Mateo 0-0: Ball
1-0: Fly out, F8 (Line Drive, 8RXD)
Batting: SHB Salvador Trevino 0-0: Ball
1-0: Swinging Strike
1-1: Ball
2-1: Foul Ball, location: 2F
2-2: Ground out U3 (Groundball, 3S)
Batting: LHB Cris Gonzáles 0-0: Ball
1-0: Ball
2-0: Ball
3-0: Base on Balls
Batting: SHB Jake Richardson 0-0: Called Strike
0-1: Ball
1-1: Fly out, F6 (Flyball, 6D)
Bottom of the 7th over - 0 runs, 0 hits, 0 errors, 1 left on base; New Amsterdam 3 - Wizarding 0
TOP OF THE 8TH
New Amsterdam Dutchmen batting - Pitching for Wizarding Express : LHP Javier Roldán
Pitching: RHP Marcos Oquendo
Batting: LHB SaQwan Hackett 0-0: Ball
1-0: Ball
2-0: Foul Ball, location: 2F
2-1: Ball
3-1: Foul Ball, location: 2F
3-2: Base on Balls
Batting: RHB António Martínez Pickoff Throw to First - Out!
0-0: Ball
1-0: Called Strike
1-1: Called Strike
1-2: Strikes out swinging
Batting: RHB Jon Osterman 0-0: Ball
1-0: Ground out 6-3 (Groundball, 6)
Top of the 8th over - 0 runs, 0 hits, 0 errors, 0 left on base; New Amsterdam 3 - Wizarding 0
BOTTOM OF THE 8TH
Wizarding Express batting - Pitching for New Amsterdam Dutchmen : LHP Walt Coffman
Batting: RHB Frank Grimes 0-0: Ball
1-0: Ball
2-0: Foul Ball, location: 2F
2-1: Fly out, F9 (Flyball, 9D)
Batting: LHB José Corona 0-0: Swinging Strike
0-1: Foul Ball, location: 2F
0-2: Ball
1-2: Foul Ball, location: 2F
1-2: Fly out, F4 (Line Drive, 4)
Batting: RHB Ralph Cranford 0-0: Called Strike
0-1: Ball
1-1: Called Strike
1-2: Strikes out swinging
Bottom of the 8th over - 0 runs, 0 hits, 0 errors, 0 left on base; New Amsterdam 3 - Wizarding 0
TOP OF THE 9TH
New Amsterdam Dutchmen batting - Pitching for Wizarding Express : RHP Marcos Oquendo
Batting: RHB Hank Wilder 0-0: Called Strike
0-1: Ball
1-1: Ball
2-1: Swinging Strike
2-2: Ball
3-2: Foul Ball, location: 2F
3-2: Fly out, F5 (Flyball, 56D)
Batting: RHB Dan Chrzan 0-0: Called Strike
0-1: Foul Ball, location: 2F
0-2: Ball
1-2: Ball
2-2: Ball
3-2: Base on Balls
Batting: RHB Alan Elder 0-0: Foul Ball, location: 2F
0-1: Foul Ball, location: 2F
0-2: Ball
1-2: Ball
2-2: SINGLE (Groundball, 4MD)
Dan Chrzan to second
Runner from 2nd tries for 3rd, SAFE, no throw
Batting: RHB David Elías 0-0: Called Strike
0-1: Ball
1-1: Fly out, F8 (Flyball, 8RM)
Runner from 3rd tags up, SCORES, throw made
Batting: RHB Ricardo Pulido 0-0: Called Strike
0-1: Foul Ball, location: 2F
0-2: Strikes out looking
Top of the 9th over - 1 run, 1 hit, 0 errors, 1 left on base; New Amsterdam 4 - Wizarding 0
BOTTOM OF THE 9TH
Wizarding Express batting - Pitching for New Amsterdam Dutchmen : LHP Walt Coffman
Batting: RHB Paul Penrice 0-0: Ball
1-0: Called Strike
1-1: Swinging Strike
1-2: Strikes out swinging
Batting: LHB Nathan Tanner 0-0: Foul Ball, location: 2F
0-1: SINGLE (Groundball, 6MD)
Pitching: LHP Andrés Quezada
Batting: RHB Gustavo Mateo 0-0: Ball
1-0: Ball
2-0: Ball
3-0: Base on Balls
Nathan Tanner to second
Pitching: RHP WyDale Curry
Batting: SHB Salvador Trevino 0-0: Ball
1-0: Ball
2-0: Called Strike
2-1: Ball
3-1: Base on Balls
Nathan Tanner to third
Gustavo Mateo to second
Batting: LHB Cris Gonzáles 0-0: Grounds into double play, 5-4-3 (Groundball, 56)
Bottom of the 9th over - 0 runs, 1 hit, 0 errors, 2 left on base; New Amsterdam 4 - Wizarding 0
Wednesday, September 19th, 2018 - OOTP Baseball 18.8 Build 76